AoeStats
← Kagrenak

Arena

504024851Analyzed
4v4 RM · 29d ago on Sep 3, 2026· 55m 12s· 8 players
Game mode
Random Map
Map size
Large (8 player)
Population
200
Speed
Normal
Resources
Standard
Victory
Conquest
Starting age
Dark Age
Ending age
Imperial Age
RankedLock teamsTeams togetherTeam positionsShared explorationLock speedFull tech treeHidden civsTurbo modeCheats
Victory
Defeat
🇨🇳 Mongols · China
874
+11
🇹🇼 Wei · Taiwan
803
+14
🇩🇪 Franks · Germany
787
+15
🇮🇳 Persians · India
715
+18
🇸🇰 Britons · Slovakia
867
-18
🇷🇺 Bulgarians · Russia
758
-14
🇵🇱 Huns · Poland
730
-13
🇵🇱 Wu · Poland
723
-13
Luffy
11:47 Feudal Age
12:07 Double-Bit Axe
13:55 Gold Mining
13:48 Horse Collar
14:52 Wheelbarrow
16:58 Stone Mining
19:58 Castle Age
17:47 Loom
21:05 Bow Saw
21:31 Hand Cart
21:30 Caravan
23:53 Husbandry
24:04 Bloodlines
24:35 Heavy Plow
25:02 Fervor
26:57 Gold Shaft Mining
28:51 Stone Shaft Mining
33:04 Imperial Age
30:23 Town Watch
33:06 Town Patrol
34:31 Crop Rotation
35:03 Two-Man Saw
34:10 Scale Barding Armor
34:16 Forging
34:30 Conscription
35:50 Elite War Elephant
44:25 Ballistics
46:36 Masonry
46:22 Murder Holes
來一杯玫瑰舒暢
11:19 Feudal Age
12:17 Loom
16:18 Castle Age
15:59 Double-Bit Axe
19:33 Bow Saw
26:49 Wheelbarrow
26:25 Horse Collar
30:34 Imperial Age
28:57 Hand Cart
29:27 Gold Mining
30:45 Gold Shaft Mining
31:53 Conscription
31:34 Tuntian
32:32 Husbandry
32:42 Bloodlines
32:54 Scale Barding Armor
32:45 Heavy Hei Guang Cavalry
33:40 Heated Shot
33:32 Treadmill Crane
34:46 Heavy Plow
35:02 Forging
35:09 Masonry
37:08 Chain Barding Armor
38:45 Iron Casting
41:48 Blast Furnace
42:54 Fortified Wall
42:40 Murder Holes
43:54 Light Cavalry
44:32 Stone Mining
46:11 Ming Guang Armor
47:12 Elite Tiger Cavalry
49:52 Stone Shaft Mining
51:14 Crop Rotation
53:21 Hoardings
54:00 Fletching
54:10 Padded Archer Armor
54:11 Scale Mail Armor
54:35 Ballistics
55:15 Chemistry
nex
7:16 Loom
10:32 Feudal Age
16:39 Castle Age
15:05 Stone Mining
18:02 Double-Bit Axe
23:24 Wheelbarrow
22:34 Town Watch
24:15 Arson
24:37 Husbandry
24:50 Forging
27:56 Pikeman
28:36 Squires
31:52 Hand Cart
34:52 Scale Mail Armor
34:58 Scale Barding Armor
40:39 Imperial Age
41:44 Cavalier
44:02 Paladin
45:46 Town Patrol
52:51 Chain Mail Armor
53:20 Iron Casting
53:15 Chain Barding Armor
54:08 Chivalry
56:35 Blast Furnace
56:06 Plate Mail Armor
XIXXIXXI
11:20 Feudal Age
11:46 Horse Collar
12:45 Wheelbarrow
11:58 Double-Bit Axe
15:22 Gold Mining
15:38 Town Watch
18:24 Castle Age
16:30 Stone Mining
19:25 Hand Cart
19:28 Bow Saw
20:01 Stone Shaft Mining
19:32 Heavy Plow
23:56 Fortified Wall
25:04 Fletching
25:25 Loom
27:28 Gold Shaft Mining
33:06 Imperial Age
32:11 Husbandry
32:22 Bloodlines
32:29 Scale Barding Armor
32:34 Forging
32:21 Bodkin Arrow
32:26 Padded Archer Armor
34:27 Conscription
34:02 Elite Mangudai
37:47 Drill
41:54 Bracer
41:55 Padded Archer Armor
42:15 Chain Barding Armor
42:31 Iron Casting
42:19 Ballistics
43:00 Chemistry
46:23 Capped Ram
54:35 Spies/Treason
Busonada-2017
0:38 Loom
10:58 Feudal Age
11:32 Double-Bit Axe
16:36 Castle Age
23:18 Wheelbarrow
23:40 Gold Mining
23:34 Horse Collar
27:49 Heavy Plow
32:54 Imperial Age
30:34 Padded Archer Armor
30:24 Fletching
31:01 Ballistics
30:07 Crossbowman
32:37 Gold Shaft Mining
33:30 Leather Archer Armor
33:11 Bodkin Arrow
32:45 Elite Skirmisher
34:05 Bow Saw
34:52 Arbalester
Kagrenak
11:52 Feudal Age
13:13 Wheelbarrow
12:27 Double-Bit Axe
20:45 Castle Age
18:57 Stone Mining
18:51 Horse Collar
20:04 Gold Mining
21:48 Fletching
23:03 Hand Cart
23:54 Gold Shaft Mining
25:18 Marauders
26:15 Scale Barding Armor
30:58 Chain Barding Armor
33:03 Forging
36:29 Imperial Age
35:20 Iron Casting
35:08 Heavy Plow
40:58 Conscription
40:03 Elite Tarkan
Zielonidas
7:28 Loom
10:21 Feudal Age
10:54 Double-Bit Axe
14:46 Stone Mining
14:48 Horse Collar
20:03 Castle Age
18:24 Padded Archer Armor
18:27 Fletching
23:05 Leather Archer Armor
23:18 Red Cliffs Tactics
23:26 Gold Mining
24:18 Ballistics
26:36 Bodkin Arrow
32:24 Wheelbarrow
31:51 Heavy Plow
32:03 Bow Saw
35:35 Imperial Age
34:37 Hand Cart
36:24 Bracer
36:26 Elite Fire Archer
43:51 Town Watch
51:21 Two-Man Saw
Light
9:39 Loom
11:26 Feudal Age
12:19 Double-Bit Axe
16:49 Castle Age
15:03 Horse Collar
18:12 Town Watch
18:20 Fletching
25:32 Bow Saw
27:10 Heavy Plow
30:54 Gold Mining
31:02 Stone Mining
33:54 Imperial Age
32:09 Wheelbarrow
32:07 Husbandry
32:17 Bloodlines
32:27 Scale Barding Armor
32:30 Squires
32:51 Stirrups
33:45 Chain Barding Armor
33:51 Forging
33:45 Squires
33:30 Arson
33:35 Gambesons
34:21 Masonry
34:16 Bodkin Arrow
35:45 Chemistry
35:24 Plate Barding Armor
35:25 Iron Casting
Connection lost

Rejoining the realm…

Still unreachable

The connection could not be restored.

Session expired

The server has moved on; the page needs a fresh start.